 Dungeon Crawl Stone Soup version 0.29-a0-1023-g6ae1a4a2c7 (webtiles) character file.

Game seed: 9317782268750200105

210 nickcage the Conjurer (level 5, -9/32 (38) HPs)
             Began as a Draconian Conjurer on Aug 11, 2022.
             Mangled by Edmund
             ... wielding a +1 flail of draining
              (12 damage)
             ... on level 4 of the Dungeon.
             The game lasted 00:10:18 (3781 turns).

nickcage the Conjurer (Draconian Conjurer)          Turns: 3781, Time: 00:10:19

HP:   -9/32 (38)    AC:  7    Str: 10    XL:     5   Next: 56%
MP:   2/10          EV: 16    Int: 20    God:
Gold: 187           SH:  0    Dex:  9    Spells: 3/10 levels left

rFire   . . .      SeeInvis .   f - +0 trident (venom)
rCold   . . .      Faith    .   (no shield)
rNeg    . . .      Spirit   .   (body armour unavailable)
rPois   .          Reflect  .   (helmet restricted)
rElec   .          Harm     .   k - +0 cloak
rCorr   .          Rampage  .   (no gloves)
Will    .....                   m - +0 pair of boots
Stlth   ++........              (no amulet)
HPRegen 0.10/turn               g - +4 ring of evasion
MPRegen 0.12/turn               (no ring)

@: heavily drained
A: AC +5, unfitting armour, cold-blooded
a: no special abilities


You were on level 4 of the Dungeon.
You visited 1 branch of the dungeon, and saw 4 of its levels.

You collected 211 gold pieces.
You spent 24 gold pieces at shops.

Inventory:

Hand Weapons
 e - a +0 dagger
 f - a +0 trident of venom (weapon)
Armour
 k - a +0 cloak (worn)
 m - a +0 pair of boots (worn)
Jewellery
 g - a +4 ring of evasion (left hand)
Wands
 h - a wand of roots (11)
Scrolls
 c - a scroll of magic mapping
 i - 2 scrolls of identify
 j - a scroll of blinking
Potions
 a - a potion of magic
 b - a potion of brilliance
 d - a potion of haste
 l - a potion of mutation


   Skills:
 - Level 1.7 Dodging
 - Level 1.7 Stealth
 - Level 3.3 Spellcasting
 + Level 6.2 Conjurations


You had 3 spell levels left.
You knew the following spells:

 Your Spells              Type           Power      Damage    Failure   Level
a - Magic Dart            Conj           100%       1d8       1%          1
b - Searing Ray           Conj           56%        2d6       1%          2
c - Fulminant Prism       Conj/Hex       7%         3d7       36%         4

Your spell library contained the following spells:

 Spells                   Type           Power      Damage    Failure   Level
 Dazzling Flash           Conj/Hex       30%        N/A       12%         3
 Iskenderun's Mystic Bla  Conj/Tloc      15%        2d5       36%         4


Dungeon Overview and Level Annotations

Branches:
Dungeon (4/15)
 Temple: D:4-7

Altars:

Shops:
D:1 *

Annotations:
D:4 Edmund


Innate Abilities, Weirdness & Mutations

Your plain brown scales are hard. (AC +5)
You cannot fit into any form of body armour.
You are cold-blooded and may be slowed by cold attacks.


Message History

Edmund is lightly wounded.
The searing ray hits Edmund.
Edmund is lightly wounded. (Press . to maintain the ray.)
The searing ray hits Edmund.
Edmund is moderately wounded.
Edmund drinks a potion.
Edmund goes berserk!
The searing ray hits Edmund!
Edmund is moderately wounded.
Edmund rages.
The searing ray misses Edmund.
You finish channelling your searing ray.
Edmund rages.
Edmund hits you with a +1 flail of draining.
You feel drained.
The searing ray hits Edmund but does no damage.
Edmund is moderately wounded. (Press . to maintain the ray.) Edmund barely misses you.
The searing ray misses Edmund.
Edmund hits you with a +1 flail of draining!
You feel drained.
Edmund hits you with a +1 flail of draining!
* * * LOW HITPOINT WARNING * * *
You feel drained.
* * * LOW HITPOINT WARNING * * *
Edmund closely misses you. Edmund attacks as you move away!
Edmund closely misses you. Edmund barely misses you.
Edmund attacks as you move away! Edmund completely misses you. x2
There is an escape hatch in the ceiling here.
Edmund attacks as you move away! Edmund hits you but does no damage.
You feel drained.
Edmund rages.
Edmund misses you.
Edmund rages.
An ogre comes into view. It is wielding a +0 giant club.
The ogre shouts!
Edmund hits you with a +1 flail of draining!
You die...

##...>..##
#.............
#......##
##.........[..
########
##............
##.............
##.......[......
##..<............
###................
##..................
#..@@..........##...
#..................#
#.
..............<..>..#
....................#
...............>....#
....................
................
....O.......... .


You could see Edmund (berserk) and an ogre.

Vanquished Creatures
  Sigmund (D:4)
  A worm (D:3)
  7 endoplasms
  A giant cockroach (D:2)
  4 hobgoblins
  4 jackals (D:1)
  2 kobolds
  3 quokkas
  6 ball pythons
  5 bats
  4 frilled lizards
  5 goblins
  2 rats
45 creatures vanquished.

Notes
Turn   | Place    | Note
-------+----------+-------------------------------------------
     0 | D:1      | nickcage the Draconian Conjurer began the quest for the
                  | Orb.
     0 | D:1      | Reached XP level 1. HP: 14/14 MP: 3/3
   442 | D:1      | Reached XP level 2. HP: 20/20 MP: 1/5
   492 | D:1      | Learned a level 2 spell: Searing Ray
   639 | D:1      | You fall into a shaft and drop 1 floor!
   832 | D:1      | Found Kugilong's General Store.
   905 | D:1      | Bought a scroll of identify for 24 gold pieces
  1106 | D:1      | Found a faded altar of an unknown god.
  1341 | D:2      | Reached XP level 3. HP: 26/26 MP: 4/6
  2227 | D:3      | Reached skill level 5 in Conjurations
  3424 | D:4      | Noticed Sigmund
  3441 | D:4      | Killed Sigmund
  3442 | D:4      | Reached skill level 6 in Conjurations
  3442 | D:4      | Reached XP level 4. HP: 5/33 MP: 0/9
  3442 | D:4      | Reached XP level 5. HP: 5/38 MP: 0/10
  3715 | D:4      | Learned a level 4 spell: Fulminant Prism
  3763 | D:4      | Noticed Edmund
  3781 | D:4      | Noticed an ogre
  3781 | D:4      | Mangled by Edmund

Illustrated notes

Levels and vault maps discovered:
D:1:      dpeg_arrival_rooms_a, layout_loops_ring, serial_shops,
          nicolae_shop_statue_plus, ebering_ecumenical_altar_webs
D:2:      layout_basic
D:3:      layout_basic
D:4:      layout_layer_cave, minitemple, uniq_sigmund, uniq_edmund

Skill      XL: |  1  2  3 |
---------------+----------+-----
Conjurations   | 6 |  6.2
Spellcasting   | 3 |  3.3
Dodging        | |  1.7
Stealth        | |  1.7

Action                   |  1- 3 |  4- 6 || total
-------------------------+-------+-------++-------
Melee: Unarmed           |    11 |       ||    11
       Dagger            |    21 |       ||    21
       Tailslap          |     5 |       ||     5
       Trident           |     3 |       ||     3
 Cast: Magic Dart        |    86 |     2 ||    88
       Searing Ray       |     1 |     2 ||     3
  Use: Scroll            |    10 |       ||    10
Armor: Skin              |     8 |     1 ||     9
Dodge: Dodged            |    27 |     7 ||    34

Table legend: (Time is in decaauts)
 A = Elapsed time spent in this place.
 B = Non-inter-level travel time spent in this place.
 C = Inter-level travel time spent in this place.
 D = Time resting spent in this place.
 E = Time spent auto-exploring this place.
 F = Levels seen in this place.
 G = Mean time per level.
                   A        B        C        D        E       F      G
               +--------+--------+--------+--------+--------+-----+--------+
         Total |   3782 |   3651 |    131 |    268 |   3062 |   4 |  945.5 |
       Dungeon |   3782 |   3651 |    131 |    268 |   3062 |   4 |  945.5 |
               +--------+--------+--------+--------+--------+-----+--------+

Top non-repeatable levels by time:
     D:1: 1235 daAuts
     D:3: 1119 daAuts
     D:2: 990 daAuts
     D:4: 437 daAuts
